Map: [ESL] Cosmic Sapphire

Players

Killermonjas - Winner!

  • Race: Protoss Protoss
  • Spawn Location: 11:00

NightPhoenix

  • Race: Protoss Protoss
  • Spawn Location: 5:00

Event: DreamHack SC2 Masters 2022 Valencia

VOD

Have the link to the VOD?

Description

Time

  • Played on: July 1, 2022, 6:06 a.m.
  • Length: 6:08

All games in this series

Show
View Real Time Build Order
Export as new Build Order

Killermonjas Protoss - Winner!

Build Orders:  

Get SALT Encoding   

  12  0:00  Probe  
  13  0:12  Probe  
  14  0:17  Pylon  
  14  0:24  Probe  
  15  0:36  Gateway  
  15  0:37  Probe (Chrono Boost)  
  16  0:46  Probe (Chrono Boost)  
  16  0:47  Assimilator  
  17  0:51  Probe (Chrono Boost)  
  17  0:55  Assimilator  
  18  1:03  Probe (Chrono Boost)  
  19  1:08  Gateway  
  19  1:15  Probe (Chrono Boost)  
  20  1:23  Cybernetics Core  
  20  1:25  Probe (Chrono Boost)  
  21  1:32  Probe  
  21  1:35  Pylon  
  22  1:44  Probe  
  23  1:56  Probe  
  23  1:59  Stalker  
  23  2:00  Stalker  
  23  2:01  Warp Gate  
  28  2:12  Pylon  
  28  2:23  Robotics Facility  
  28  2:26  Pylon  
  28  2:46  Stalker x2  
  32  3:16  Immortal  
  32  3:19  Shield Battery  
  34  3:28  Probe  
  33  3:40  Probe  
  33  3:53  Warp Prism (Chrono Boost)  
  33  3:55  Stalker x2  
  33  4:00  Pylon  
  33  4:02  Shield Battery  
  34  4:19  Gateway  
  34  4:32  Stalker x2  
  34  5:00  Stalker  
  34  5:05  Stalker x2  
  28  5:28  Zealot  
  28  5:29  Zealot x2  
  28  5:51  Zealot x3  
Show
View Real Time Build Order
Export as new Build Order

NightPhoenix Protoss 

Build Orders: Oracle Opening 

Get SALT Encoding   

  12  0:00  Probe  
  13  0:12  Probe  
  14  0:17  Pylon  
  14  0:24  Probe (Chrono Boost)  
  15  0:36  Probe (Chrono Boost), Gateway  
  16  0:44  Probe (Chrono Boost)  
  16  0:45  Assimilator  
  17  0:50  Probe  
  17  0:53  Assimilator  
  18  1:03  Probe (Chrono Boost)  
  19  1:07  Gateway  
  19  1:13  Probe (Chrono Boost)  
  19  1:18  Probe (Chrono Boost)  
  20  1:23  Cybernetics Core  
  21  1:29  Probe  
  22  1:34  Pylon  
  22  1:41  Probe  
  23  2:00  Adept x2, Stargate  
  27  2:08  Warp Gate  
  27  2:12  Pylon  
  27  2:32  Stalker  
  31  2:42  Oracle (Chrono Boost)  
  31  2:55  Nexus  
  31  2:59  Probe  
  32  3:11  Probe  
  33  3:13  Oracle  
  36  3:34  Probe  
  37  3:39  Gateway  
  37  3:42  Twilight Council  
  33  3:57  Stalker  
  33  3:58  Stalker  
  33  3:59  Probe  
  38  4:14  Phoenix (Chrono Boost), Probe x2  
  39  4:19  Pylon  
  39  4:27  Stalker  
  39  4:28  Stalker  
  43  4:37  Shield Battery  
  43  4:39  Stalker  
  43  4:45  Shield Battery  
  42  4:58  Stalker x2  
  36  5:12  Stalker  
  32  5:22  Stalker  
  32  5:24  Stalker  
  32  5:26  Probe x2  
  34  5:39  Stalker  
  20  5:55  Adept  
  20  5:56  Adept  

Tags
 
Add a new tag
Caveats
  • Supply blocks, unpowered buildings, or Contaminate may cause inaccurate times.
  • Supply counts are checked every 10 seconds.